 Dungeon Crawl Stone Soup version 0.26.0-20-g3ca415f5b8 (webtiles) character file.

Game seed: 16994737945768068743

461 kaeus the Skirmisher (level 7, 0/72 HPs)
             Began as an Octopode Fighter on Jan 25, 2021.
             Slain by a two-headed ogre
             ... wielding a +0 giant club
              (6 damage)
             ... on level 4 of the Dungeon.
             The game lasted 00:03:45 (3300 turns).

kaeus the Skirmisher (Octopode Fighter)             Turns: 3300, Time: 00:03:46

Health: 0/72       AC: 23    Str: 14 (16) XL:     7   Next: 7%
Magic:  9/10       EV:  2    Int:  8 (10) God:
Gold:   235        SH:  9    Dex: 12 (13) Spells: 10/10 levels left

rFire    . . .     SeeInvis .   d - +2 dagger
rCold    . . .     Faith    .   a - +0 kite shield
rNeg     + + +     Spirit   .   (helmet currently unavailable)
rPois    +         Reflect  .   (no amulet)
rElec    .         Harm     .   k - ring of resist corrosion
rCorr    +         Rampage  .   i - ring of stealth
Will     .....     NoTele   +   (no ring)
Stlth    +++.......             (no ring)
HPRegen  0.22/turn              (no ring)
MPRegen  0.12/turn              (no ring)
                                (no ring)
                                (no ring)

@: mighty, tree-form, attractive, hasted, very quick
A: almost no armour, stealthy swim, (amphibious), 8 rings, (constrict 8)
a: no special abilities


You were on level 4 of the Dungeon.
You were a tree.
You visited 1 branch of the dungeon, and saw 4 of its levels.

You collected 235 gold pieces.

Inventory:

Hand Weapons
 d - a +2 dagger (weapon)
Armour
 a - a +0 kite shield (worn)
Jewellery
 i - a ring of stealth (right branch)
 k - a ring of resist corrosion (left branch)
Scrolls
 f - a scroll of fear {unknown}
 h - 3 scrolls of immolation
 l - 2 scrolls of identify
 m - 2 scrolls of teleportation
 o - a scroll of amnesia {unknown}
Potions
 n - 2 potions of flight


   Skills:
 + Level 4.1 Fighting
 + Level 3.9 Dodging
 + Level 3.3 Stealth
 + Level 4.0 Shields
 + Level 3.3 Unarmed Combat
 + Level 2.0 Spellcasting
 + Level 2.4 Translocations


You had 10 spell levels left.
You didn't know any spells.
Your spell library was empty.

Dungeon Overview and Level Annotations

Branches:
Dungeon (4/15)             Temple (0/1) D:4

Altars:
Ashenzari
Wu Jian


Innate Abilities, Weirdness & Mutations

You cannot wear most types of armour.
You are very stealthy in the water. (Stealth+)
((You are amphibious.))
You can wear up to eight rings at the same time.
((You can use your tentacles to constrict eight enemies at once.))
((Your skin changes colour to match your surroundings (Stealth+).))
((Your rubbery body absorbs attacks. (AC +1, EV +1)))


Message History

The adder bites you but does no damage.
You puncture the two-headed ogre!
The two-headed ogre is moderately wounded.
The adder bites you but does no damage.
The two-headed ogre hits you but does no damage. x2
The phantom blinks!
The phantom is pulled toward you!
You hit the two-headed ogre. Your punch misses the two-headed ogre.
The two-headed ogre is moderately wounded.
The adder bites you but does no damage. The phantom hits you.
* * * LOW HITPOINT WARNING * * *
You take 1 damage, and have 6/72 hp.
You puncture the two-headed ogre!
The two-headed ogre is heavily wounded.
The two-headed ogre hits you but does no damage. x2
The adder bites you but does no damage.
You hit the two-headed ogre.
The two-headed ogre is heavily wounded.
The phantom blinks!
The adder bites you but does no damage.
The two-headed ogre hits you with a +0 giant club.
You die...

...... #......#
..........# ##.#.#.#
..........# #.#.#..
#...#....#####...#.# .
#.⌠.# ..............
..###...###.#######....#
............#.)........#
...⌠..S§O⌠.............#
.......♣§...#.#####....#
..###..)###.#... ......#
#.⌠.# ..####..###..#
#...#.... ......>.#
........... .. .....#
.W..####..#.. .....
..... ....... .......
....# .###.###.......
.........


You could see a two-headed ogre, a phantom and an adder.

Vanquished Creatures
  Sigmund (D:2)
  2 ogres (D:4)
  An orc priest (D:4)
  4 adders
  2 worms (D:2)
  2 dart slugs
  2 leopard geckos
  5 orcs
  2 ball pythons
  2 bats
  5 giant cockroaches
  7 goblins
  11 hobgoblins
  2 jackals (D:2)
  5 kobolds (D:1)
  A quokka (D:2)
  2 frilled lizards
  5 rats
61 creatures vanquished.

Notes
Turn   | Place    | Note
-------+----------+-------------------------------------------
     0 | D:1      | kaeus the Octopode Fighter began the quest for the Orb.
     0 | D:1      | Reached XP level 1. HP: 16/16 MP: 1/1
   142 | D:1      | Reached XP level 2. HP: 14/21 MP: 2/2
   816 | D:1      | Reached skill level 1 in Stealth
   919 | D:1      | Reached XP level 3. HP: 26/26 MP: 3/3
  1477 | D:2      | Reached skill level 1 in Translocations
  1574 | D:2      | Noticed Sigmund
  1589 | D:2      | Killed Sigmund
  1590 | D:2      | Reached skill level 1 in Spellcasting
  1590 | D:2      | Reached XP level 4. HP: 5/33 MP: 4/6
  1590 | D:2      | Reached XP level 5. HP: 5/37 MP: 4/7
  1908 | D:2      | Found an ornate altar of the Wu Jian Council.
  2244 | D:3      | Reached XP level 6. HP: 32/43 MP: 8/8
  2574 | D:3      | Found a broken altar of Ashenzari.
  2578 | D:3      | Saw a vision of the Shoals and the Spider Nest.
  2578 | D:3      | Noticed a redback
  2578 | D:3      | Noticed a hornet
  2578 | D:3      | Noticed a wolf spider
  2578 | D:3      | Noticed a merfolk
  2578 | D:3      | Noticed a merfolk
  3269 | D:4      | Found a staircase to the Ecumenical Temple.
  3271 | D:4      | Noticed a phantom
  3284 | D:4      | Reached XP level 7. HP: 15/48 MP: 8/10
  3284 | D:4      | Noticed a two-headed ogre
  3286 | D:4      | HP: 2/48 [orc/+0 club (4)]
  3292 | D:4      | HP: 3/72 [adder (2)]
  3300 | D:4      | Slain by a two-headed ogre

Illustrated notes

Levels and vault maps discovered:
D:1:      matt_arrival_spirals, layout_basic
D:2:      layout_rooms, nzn_wu_jian_council_hall, uniq_sigmund
D:3:      layout_rooms, grunt_ashenzari_visionary
          [grunt_ashenzari_visionary_shoals, grunt_ashenzari_visionary_spider]
D:4:      layout_basic, lemuel_doored_altar, lemuel_coloured_pillars_altar,
          minmay_temple_entry_junction_2, serial_shops, shop_coins

Skill      XL: |  1  2  3  4  5  6 |
---------------+-------------------+-----
Stealth        | 1 2 3 |  3.3
Translocations | 1 2 |  2.4
Spellcasting   | 1 2 |  2.0
Unarmed Combat | 3 |  3.3
Fighting       | 4 |  4.1
Shields        | 4 |  4.0
Dodging        | |  3.9

Action                   |  1- 3 |  4- 6 |  7- 9 || total
-------------------------+-------+-------+-------++-------
Melee: Unarmed           |    16 |       |       ||    16
       Constrict         |    20 |    14 |     2 ||    36
       Tentacles         |    18 |    17 |       ||    35
       Dagger            |    59 |    64 |    10 ||   133
       Punch             |     1 |     1 |       ||     2
  Use: Potion            |     4 |       |     6 ||    10
       Scroll            |       |     6 |       ||     6
 Stab: Sleeping          |     9 |     7 |       ||    16
Armor: Skin              |     9 |       |    17 ||    26
Dodge: Dodged            |    37 |    28 |     4 ||    69
Block: Kite shield       |    25 |    28 |     6 ||    59
